Map: Acropolis LE

Players

Mez - Winner!

  • Race: Terran Terran
  • League: Master
  • Spawn Location: 5:00

schtig

  • Race: Zerg Zerg
  • League: Diamond
  • Spawn Location: 11:00

VOD

Have the link to the VOD?

Description

Time

  • Played on: Aug. 12, 2019, 8:19 a.m.
  • Length: 9:36
Show
View Real Time Build Order
Export as new Build Order

Mez Terran - Winner!

Build Orders: Liberator Opening, Reaper Expand 

Get SALT Encoding   

  12  0:00  SCV  
  13  0:12  SCV  
  14  0:17  Supply Depot  
  14  0:24  SCV  
  15  0:38  SCV  
  15  0:40  Barracks  
  16  0:44  Refinery  
  16  0:50  SCV  
  17  1:03  SCV  
  18  1:15  SCV  
  19  1:28  Reaper, Orbital Command  
  20  1:41  Command Center  
  20  1:49  Supply Depot  
  21  1:54  SCV  
  21  2:00  Marine  
  22  2:10  SCV  
  22  2:14  Factory  
  23  2:18  Refinery  
  23  2:24  Barracks Reactor  
  23  2:27  SCV  
  24  2:44  SCV  
  23  3:00  SCV, Starport  
  23  3:01  Orbital Command  
  24  3:11  Hellion x2, Barracks Tech Lab  
  24  3:12  SCV  
  29  3:21  Supply Depot  
  29  3:24  SCV  
  29  3:25  Liberator  
  30  3:27  SCV  
  30  3:32  Hellion x2  
  35  3:39  SCV x2  
  40  3:51  SCV x2, Supply Depot  
  44  3:56  Hellion x2  
  46  4:03  SCV x2  
  46  4:05  Stimpack, Marine  
  49  4:15  SCV x2  
  51  4:21  Command Center  
  51  4:27  SCV x2  
  53  4:39  SCV  
  53  4:40  SCV  
  53  4:44  Barracks  
  53  4:45  Barracks  
  55  4:46  Supply Depot  
  55  4:47  Factory Reactor  
  55  4:51  SCV  
  55  4:52  SCV  
  57  5:04  SCV x2, Starport Reactor  
  59  5:08  Engineering Bay x2  
  59  5:21  SCV x2  
  59  5:23  Marine  
  59  5:24  Refinery  
  59  5:26  Refinery  
  62  5:32  Factory Reactor  
  62  5:33  Marine x2  
  62  5:35  Barracks  
  64  5:37  Terran Infantry Armor Level 1, Terran Infantry Weapons Level 1  
  64  5:41  Marine  
  65  5:45  SCV x2  
  64  5:50  Marine  
  66  5:57  SCV  
  66  5:59  Marine  
  66  6:03  Supply Depot  
  67  6:06  Marine  
  67  6:08  Marine  
  67  6:09  Supply Depot  
  67  6:10  Supply Depot  
  67  6:11  Widow Mine x2, Medivac x2  
  77  6:12  SCV x2  
  79  6:28  Orbital Command  
  79  6:29  SCV x2  
  79  6:30  Marine  
  79  6:31  Marine x4  
  86  6:48  Marine x2  
  86  6:49  Marine x3, Medivac x2  
  86  6:52  Armory  
  95  6:56  Barracks  
  95  6:58  Widow Mine x2, SCV x3  
  102  7:02  Combat Shield  
  102  7:06  Marine x2  
  102  7:07  Marine x2  
  106  7:10  SCV x3  
  106  7:15  Supply Depot  
  109  7:16  Supply Depot  
  109  7:17  Supply Depot  
  109  7:22  SCV  
  110  7:23  Barracks Reactor  
  110  7:25  Widow Mine x2  
  110  7:27  SCV x2  
  110  7:28  Factory  
  116  7:34  SCV  
  117  7:39  Marine  
  117  7:40  Marine x4  
  122  7:54  Barracks Reactor  
  122  7:55  Supply Depot  
  122  7:57  Marine, Supply Depot  
  122  7:58  Marine x3  
  120  8:12  Supply Depot  
  120  8:13  Marine x3  
  120  8:15  Marine x4  
  119  8:22  Widow Mine x2, Medivac x2  
  119  8:25  Factory Tech Lab  
  127  8:31  Marine x4  
  127  8:32  Marine  
  127  8:33  Marine x4  
  124  8:46  Barracks x3  
  124  8:49  Marine x5  
  124  8:51  Marine x4  
  124  8:52  Medivac x2  
  137  9:07  Marine x5  
  137  9:08  Widow Mine x2  
  137  9:09  Widow Mine  
  148  9:13  Marine x4  
Show
View Real Time Build Order
Export as new Build Order

schtig Zerg 

Build Orders: Pool First 

Get SALT Encoding   

  12  0:01  Drone  
  13  0:13  Overlord  
  13  0:16  Drone  
  14  0:31  Drone x2  
  14  0:35  Drone  
  17  0:46  Spawning Pool  
  17  0:47  Drone  
  17  1:07  Hatchery  
  17  1:10  Drone  
  17  1:31  Hatchery  
  16  1:34  Zergling x2  
  17  1:42  Queen  
  17  1:46  Drone  
  20  1:52  Overlord  
  20  1:59  Drone x2  
  22  2:02  Extractor  
  21  2:09  Drone  
  22  2:21  Queen  
  25  2:22  Drone  
  25  2:23  Drone  
  26  2:30  Drone x2  
  28  2:38  Queen  
  28  2:42  Drone x2  
  31  2:46  Drone  
  32  2:53  Drone x3  
  32  2:55  Drone  
  36  2:59  Drone  
  36  3:04  Metabolic Boost  
  37  3:07  Extractor  
  37  3:09  Overlord  
  36  3:13  Drone x2  
  36  3:17  Drone  
  36  3:18  Drone  
  36  3:19  Drone  
  41  3:28  Baneling Nest  
  41  3:29  Drone x2  
  41  3:30  Drone  
  43  3:35  Drone  
  43  3:36  Evolution Chamber, Drone  
  44  3:41  Overlord  
  44  3:46  Zergling x6  
  47  3:50  Zergling x4  
  47  3:55  Zergling x2  
  50  4:03  Zergling x8  
  54  4:12  Drone x2, Zerg Melee Weapons Level 1  
  54  4:13  Drone x2  
  58  4:22  Lair  
  58  4:27  Extractor  
  58  4:30  Overlord x2, Queen, Extractor  
  58  4:36  Overlord x2  
  58  4:42  Extractor  
  57  4:46  Drone x2, Spore Crawler  
  57  4:49  Spore Crawler  
  57  4:50  Drone x2  
  57  4:51  Zergling x4  
  60  4:58  Zergling x6  
  59  5:00  Baneling x2  
  59  5:04  Baneling x2  
  59  5:05  Spore Crawler, Baneling  
  58  5:11  Drone x4  
  58  5:12  Drone  
  58  5:14  Zergling x6  
  61  5:23  Drone x2  
  61  5:24  Drone  
  61  5:28  Drone x4  
  68  5:39  Centrifical Hooks  
  68  5:40  Zergling x4  
  68  5:41  Zergling x6  
  73  5:46  Overlord  
  73  5:47  Baneling x2  
  73  5:50  Zergling x6  
  73  5:54  Drone  
  76  5:59  Spine Crawler  
  75  6:07  Drone x3  
  75  6:11  Drone x2  
  80  6:12  Hatchery  
  80  6:17  Overlord  
  79  6:19  Drone  
  77  6:27  Drone x2  
  76  6:33  Drone x2  
  73  6:44  Drone x3  
  72  6:48  Zergling x2  
  72  6:53  Zergling x4  
  74  6:55  Zerg Ground Armor Level 1  
  74  6:57  Evolution Chamber  
  74  7:00  Infestation Pit  
  74  7:01  Spire  
  71  7:02  Drone x3  
  71  7:03  Drone x4  
  71  7:07  Overlord  
  78  7:17  Zergling x2  
  78  7:18  Zergling x4  
  78  7:22  Extractor  
  80  7:26  Zergling x2  
  80  7:27  Zergling x6  
  84  7:34  Baneling x4  
  84  7:35  Baneling x2  
  84  7:37  Zergling x4  
  84  7:38  Zergling x10  
  84  7:40  Zergling x4  
  93  7:45  Zergling x2  
  93  7:46  Zergling x2  
  93  7:50  Baneling x4  
  93  7:51  Zergling x2  
  96  7:54  Overlord x2  
  96  7:57  Pathogen Glands  
  96  7:59  Hive  
  87  8:08  Zergling x2  
  87  8:09  Zergling x14  
  87  8:11  Baneling x4  
  82  8:20  Zergling x10  
  82  8:21  Zergling x2  
  82  8:24  Zergling x4  
  82  8:25  Queen x2  
  89  8:32  Zergling x2  
  89  8:33  Zergling x8  
  81  8:42  Zergling x6  
  81  8:47  Zergling x2  
  81  8:48  Zergling x8  
  88  8:49  Infestor  
  83  8:56  Zergling x6  
  85  9:03  Baneling  
  85  9:04  Baneling  
  85  9:05  Zergling x6  
  85  9:08  Baneling  
  85  9:09  Baneling  
  82  9:11  Zergling x4  
  82  9:15  Baneling  
  86  9:33  Hatchery  
Tags
 
Add a new tag
Caveats
  • Supply blocks, unpowered buildings, or Contaminate may cause inaccurate times.
  • Supply counts are checked every 10 seconds.